 Dungeon Crawl Stone Soup version 0.22-a0-430-g6609fc6 (webtiles) character file.

452 GameOver the Conjurer (level 7, -6/57 HPs)
             Began as a Naga Wizard on May 26, 2018.
             Mangled by an ogre
             ... wielding a +0 giant club
              (22 damage)
             ... on level 4 of the Dungeon.
             The game lasted 00:17:03 (2089 turns).

GameOver the Conjurer (Naga Wizard)                 Turns: 2089, Time: 00:17:03

Health: -6/57      AC:  4    Str:  9    XL:     7   Next: 4%
Magic:  0/11       EV:  9    Int: 21    God:
Gold:   191        SH:  3    Dex:  9    Spells: 4/12 levels left

rFire    + . .     SeeInvis +   a - +1 mace (crush)
rCold    . . .     Gourm    .   w - +0 buckler
rNeg     . . .     Faith    .   f - +1 leather armour {rF+}
rPois    +         Spirit   .   b - +0 hat
rElec    .         Reflect  .   (no cloak)
rCorr    .         Harm     .   (no gloves)
MR       .....                  (no barding)
Stlth    ++........             (no amulet)
HPRegen  0.19/turn              (no ring)
MPRegen  0.12/turn              (no ring)

@: very slightly contaminated, very slow
A: large, see invisible, deformed body, poison resistance, slowness 2, slow
metabolism 1, spit poison 1, AC +2
a: Spit Poison


You were on level 4 of the Dungeon.
You were not hungry.

You visited 1 branch of the dungeon, and saw 4 of its levels.

You collected 191 gold pieces.

Inventory:

Hand Weapons
 a - a +1 mace of crushing (weapon)
 c - a +0 short sword
 e - a +0 spear
 m - a +1 whip of venom
Armour
 b - a +0 hat (worn)
 f - a +1 leather armour of fire resistance (worn)
 w - a +0 buckler (worn)
Jewellery
 u - an uncursed ring of flight
Wands
 y - a wand of flame (21)
Scrolls
 i - a scroll of amnesia
 j - 3 scrolls of teleportation
 k - 5 scrolls of remove curse {unknown}
 l - 4 scrolls of identify {unknown}
 n - a scroll of fear {unknown}
 o - a scroll of enchant weapon {unknown}
 p - 3 scrolls of enchant armour {unknown}
 q - a scroll of magic mapping {unknown}
 v - a scroll of random uselessness {unknown}
Potions
 g - a potion of ambrosia
 s - a potion of degeneration {unknown}
 t - a potion of haste {unknown}
 x - a potion of invisibility {unknown}
Comestibles
 d - 8 rations
 h - 13 chunks of flesh


   Skills:
 + Level 1.4 Fighting
 + Level 1.0 Armour
 - Level 1.5 Dodging
 - Level 3.0 Stealth
 + Level 1.3 Shields
 - Level 3.0 Spellcasting
 - Level 6.0 Conjurations
   Level 1.0 Summonings
 - Level 1.0 Translocations
 + Level 2.3 Poison Magic


You had 4 spell levels left.
You knew the following spells:

 Your Spells              Type           Power        Failure   Level  Hunger
a - Conjure Flame         Conj/Fire      ###.....     21%         3    ###....
b - Blink                 Tloc           N/A          22%         2    ##.....
d - Mephitic Cloud        Conj/Pois/Air  ##......     22%         3    ###....

Your spell library contained the following spells:

 Spells                   Type           Power        Failure   Level  Hunger
 Magic Dart               Conj           ####         1%          1    None
 Apportation              Tloc           #.....       16%         1    None
 Slow                     Hex            #.......     34%         2    ##.....
 Summon Small Mammal      Summ           #...         16%         1    None
 Animate Skeleton         Necr           N/A          22%         1    None
 Call Imp                 Summ           #.......     22%         2    ##.....
 Confusing Touch          Hex            #.....       22%         1    None


Dungeon Overview and Level Annotations

Branches:
Dungeon (4/15)
 Temple: D:4-7

Altars:
Ru

Annotations:
D:3 Akransas's ghost, amateur HuMo


Innate Abilities, Weirdness & Mutations

You cannot wear boots.
Your serpentine skin is tough. (AC +2)
You have supernaturally acute eyesight. (SInv)
Armour fits poorly on your strangely shaped body.
Your system is resistant to poisons. (rPois)
You cover ground very slowly.
You have a slow metabolism.
You can spit poison.


Message History

Press: ? - help, Shift-Dir - straight line, f/p - ogre
Aim: an ogre, wielding a giant club (lightly wounded)
The splash of poison hits the ogre.
The ogre is poisoned.
The ogre is moderately wounded.
You feel slightly more hungry. The ogre hits you with a giant club!!
* * * LOW HITPOINT WARNING * * *
Unknown command.
Casting: Mephitic Cloud (safe; 22% risk of failure)
Confirm with . or Enter, or press ? or * to list all spells.
Aiming: Mephitic Cloud (safe; 22% risk of failure)
Press: ? - help, Shift-Dir - straight line, f/p - ogre
Aim: an ogre, wielding a giant club (moderately wounded, poisoned)
You miscast Mephitic Cloud.
You feel faint for a moment. The ogre hits you with a giant club!
* * * LOW HITPOINT WARNING * * *
Unknown command.
It was a potion of heal wounds.
You feel much better.
You have got your breath back.
The ogre hits you with a giant club!!
You die...

###.####.......# .###
#......#.......# .#
#......#.......# ##
#......######### .#
#......# #%# #......#
#..# #......# ..#
#......###### #.#
#......@O...##..#####
#......####.........#
######## ###.#####. #
#.# . ..# ..## ...
.... .....


You could see an ogre.

Vanquished Creatures
  2 orc priests (D:4)
  4 orc wizards (D:4)
  3 worker ants (D:4)
  8 gnolls (D:3)
  5 adders
  A shadow imp (D:4)
  An ooze (D:1)
  2 worms
  2 dart slugs
  4 orcs
  2 ball pythons (D:1)
  5 bats
  3 giant cockroaches
  10 goblins
  5 hobgoblins
  2 jackals (D:2)
  3 quokkas
  7 frilled lizards
  7 kobolds
  8 rats
84 creatures vanquished.

Notes
Turn   | Place    | Note
-------+----------+-------------------------------------------
     0 | D:1      | GameOver the Naga Wizard began the quest for the Orb.
     0 | D:1      | Reached XP level 1. HP: 15/15 MP: 4/4
    51 | D:1      | Reached skill level 2 in Conjurations
    51 | D:1      | Reached XP level 2. HP: 22/22 MP: 0/6
   335 | D:1      | Reached XP level 3. HP: 28/28 MP: 7/7
   339 | D:1      | Learned a level 2 spell: Blink
   343 | D:1      | Learned a level 3 spell: Mephitic Cloud
   363 | D:1      | Reached skill level 3 in Conjurations
   741 | D:2      | Reached XP level 4. HP: 36/36 MP: 8/8
   876 | D:2      | Reached skill level 4 in Conjurations
  1087 | D:3      | Reached XP level 5. HP: 20/42 MP: 5/9
  1247 | D:3      | Reached skill level 5 in Conjurations
  1665 | D:3      | Noticed Akransas's ghost (amateur HuMo)
  1730 | D:4      | Reached skill level 1 in Poison Magic
  1777 | D:4      | Found a sacrificial altar of Ru.
  1777 | D:4      | Reached XP level 6. HP: 19/49 MP: 6/10
  1863 | D:4      | Learned a level 3 spell: Conjure Flame
  1989 | D:4      | Reached skill level 1 in Fighting
  1989 | D:4      | Reached skill level 1 in Shields
  2001 | D:4      | HP: 1/51 [orc wizard/dagger (5)]
  2024 | D:4      | Reached skill level 6 in Conjurations
  2059 | D:4      | Reached skill level 1 in Armour
  2059 | D:4      | Reached XP level 7. HP: 29/57 MP: 11/11
  2088 | D:4      | HP: 1/57 [ogre/giant club (14)]
  2089 | D:4      | Mangled by an ogre

Vault maps used:
D:1:      onia_arrival_handbag, glass_columns_a
D:4:      nicolae_ru_awakened_eye

Skill      XL: |  1  2  3  4  5  6 |
---------------+-------------------+-----
Conjurations   | 2 3 4 5 6 |  6.0
Poison Magic   | 1 2 |  2.3
Fighting       | 1 |  1.4
Shields        | 1 |  1.3
Armour         | 1 |  1.0
Dodging        | |  1.5
Stealth        | |  3.0
Spellcasting   | |  3.0
Summonings     | |  1.0
Translocations | |  1.0

Action                   |  1- 3 |  4- 6 |  7- 9 || total
-------------------------+-------+-------+-------++-------
Melee: Spear             |     3 |       |       ||     3
       Short sword       |     1 |       |       ||     1
       Whip              |    10 |    74 |       ||    84
 Cast: Magic Dart        |    40 |    41 |       ||    81
       Mephitic Cloud    |       |     5 |       ||     5
       Blink             |       |     6 |       ||     6
 Abil: Spit Poison       |    23 |    44 |     3 ||    70
  Use: Scroll            |       |     2 |       ||     2
       Potion            |       |     3 |     1 ||     4
 Stab: Sleeping          |     1 |       |       ||     1
  Eat: Chunk             |       |     8 |       ||     8
Armor: Robe              |     5 |     4 |       ||     9
       Leather armour    |       |    16 |       ||    16
Dodge: Dodged            |    11 |    39 |     3 ||    53
Block: Buckler           |       |     3 |       ||     3

Table legend:
 A = Spawn XP
 B = Non-spawn XP
 C = Spawn XP percentage of total XP
 D = Spawn monster count
 E = Non-spawn monster count
 F = Spawn count percentage of total count
 G = Total turns spent on level
                    A         B        C        D         E        F      G
               +---------+---------+-------+---------+---------+-------+---------
         Total |       0 |     646 |   0.0 |       0 |      84 |   0.0 |  2089
               +---------+---------+-------+---------+---------+-------+---------
           D:1 |       0 |      44 |   0.0 |       0 |      26 |   0.0 |   544
           D:2 |       0 |      74 |   0.0 |       0 |      15 |   0.0 |   496
           D:3 |       0 |     162 |   0.0 |       0 |      27 |   0.0 |   680
           D:4 |       0 |     366 |   0.0 |       0 |      16 |   0.0 |   369
               +---------+---------+-------+---------+---------+-------+---------
